 Dungeon Crawl Stone Soup version 0.28.0-47-ge53b351184 (webtiles) character file.

Game seed: 10061775940993745367

19366 Revguard the Missionary (level 12, -5/115 HPs)
             Began as a Hill Orc Fighter on May 4, 2022.
             Was a Priest of Beogh.
             Slain by a very large slime creature (24 damage)
             ... on level 15 of the Dungeon.
             The game lasted 00:46:14 (16281 turns).

Revguard the Missionary (Hill Orc Fighter)         Turns: 16281, Time: 00:46:15

Health: -5/115     AC: 19    Str: 20    XL:     12   Next: 68%
Magic:  21/21      EV:  8    Int:  8    God:    Beogh [***...]
Gold:   688        SH: 17    Dex: 20    Spells: 11/11 levels left

rFire   . . .      SeeInvis .   q - +2 war axe (elec)
rCold   . . .      Faith    .   j - +0 kite shield
rNeg    . . .      Spirit   .   D - +1 plate armour
rPois   .          Reflect  +   v - +0 helmet
rElec   .          Harm     .   i - +0 cloak
rCorr   .          Rampage  .   (no gloves)
Will    .....                   h - +0 pair of boots
Stlth   ..........              f - amulet of reflection
HPRegen 0.29/turn               N - +6 ring of dexterity
MPRegen 0.17/turn               (no ring)

@: no status effects
A: robust 1, noise suppression
a: Renounce Religion, Smiting


You were on level 15 of the Dungeon.
You worshipped Beogh.
Beogh was most pleased with you.
You visited 3 branches of the dungeon, and saw 15 of its levels.

You collected 836 gold pieces.
You spent 148 gold pieces at shops.

Inventory:

Hand Weapons
 a - a +2 halberd of freezing
 c - a +4 battleaxe
 q - a +2 war axe of electrocution (weapon)
 u - a +2 vorpal trident
 x - a +4 spear
 y - a +5 spear of protection
 E - a +4 great mace of protection
 O - a +2 dire flail of draining
Missiles
 L - 32 poisoned darts (quivered)
Armour
 h - a +0 pair of boots (worn)
 i - a +0 cloak (worn)
 j - a +0 kite shield (worn)
 v - a +0 helmet (worn)
 C - a +0 troll leather armour
 D - a +1 plate armour (worn)
 J - +0 steam dragon scales
 M - a +0 troll leather armour
Jewellery
 f - an amulet of reflection (around neck)
 g - an amulet of the acrobat
 m - a ring of wizardry
 o - a ring of fire
 N - a +6 ring of dexterity (left hand)
Wands
 I - a wand of polymorph (15)
Scrolls
 b - a scroll of fog
 d - 5 scrolls of teleportation
 e - 6 scrolls of vulnerability
 r - 5 scrolls of immolation
 s - 2 scrolls of noise
 A - a scroll of magic mapping
 G - a scroll of silence
 K - a scroll of enchant armour
 P - a scroll of identify
Potions
 k - a potion of ambrosia
 l - 3 potions of flight
 p - 2 potions of mutation
 t - 2 potions of magic
 z - 3 potions of attraction
 B - 3 potions of brilliance
 H - a potion of cancellation
Miscellaneous
 w - a lightning rod (4/4)


   Skills:
 + Level 9.5 Fighting
 + Level 10.1 Axes
 - Level 2.9 Throwing
 + Level 8.6 Armour
 + Level 6.0 Dodging
 + Level 8.8 Shields
 + Level 12.6 Invocations
 * Level 7.3 Evocations


You had 11 spell levels left.
You didn't know any spells.
Your spell library contained the following spells:

 Spells                   Type           Power      Damage    Failure   Level
 Ensorcelled Hibernation  Hex/Ice        0%         N/A       100%        2
 Spider Form              Tmut/Pois      0%         N/A       100%        3
 Anguish                  Hex/Necr       0%         N/A       100%        4
 Summon Ice Beast         Ice/Summ       0%         N/A       100%        4
 Summon Mana Viper        Hex/Summ       0%         N/A       100%        5
 Monstrous Menagerie      Summ           0%         N/A       100%        7


Dungeon Overview and Level Annotations

Branches:
Dungeon (12/15)            Temple (1/1) D:6            Lair (0/6) D:11
    Orc (1/2) D:9

Altars:
Ashenzari
Cheibriados
Dithmenos
Elyvilon
Fedhas
Gozag
Hepliaklqana
Kikubaaqudgha
Makhleb
Nemelex Xobeh
Okawaru
Qazlal
Ru
Sif Muna
Trog
Uskayaw
Wu Jian
Xom
Yredelemnul
Zin
The Shining One
Ignis

Shops:
D:4 ?   D:6 (

Annotations:
D:11 3 runed translucent doors, CryoSword's ghost, journeyman GnCA


Innate Abilities, Weirdness & Mutations

You are robust. (+10% HP)
You passively dampen the noise of your surroundings.


Message History

The very large slime creature struggles against the net.
You slash the very large slime creature!
The very large slime creature is moderately wounded.
The very large slime creature struggles against the net.
You slash the very large slime creature!
The very large slime creature is moderately wounded.
The very large slime creature struggles against the net.
The net rips apart, and the very large slime creature comes free!
You hit the very large slime creature.
The very large slime creature is moderately wounded.
The very large slime creature hits you!!
You block the very large slime creature's attack.
You slash the very large slime creature!
The very large slime creature is moderately wounded.
You block the very large slime creature's attack.
You hit the very large slime creature.
The very large slime creature is moderately wounded.
You block the very large slime creature's attack.
You slash the very large slime creature!
The very large slime creature is moderately wounded.
You block the very large slime creature's attack.
You slash the very large slime creature!
The very large slime creature is heavily wounded.
You block the very large slime creature's attack.
You hit the very large slime creature.
The very large slime creature is heavily wounded.
The very large slime creature closely misses you.
You hit the very large slime creature.
The very large slime creature is heavily wounded.
The very large slime creature hits you!!
You slice the very large slime creature!!
Lightning courses through the very large slime creature!
The very large slime creature is severely wounded.
The very large slime creature hits you!!!
* * * LOW HITPOINT WARNING * * *
You slash the very large slime creature!
The very large slime creature is severely wounded.
The very large slime creature barely misses you.
The very large slime creature hits you!!
You die...

### #.. #(######
#.#....# ..
#.#.##.# #.#######
#J#.##.# #.#......
#@#.##.# #........
#.#..#.####.......
#.##.#............
#....#............
#+####............
#...........####
###.#.....#.#
+.#.....#.#
###.....#.#


You could see a very large slime creature.

Vanquished Creatures
  A death knight (D:7)
  The ghost of DildoBatman the Covered, a novice FoCj (D:8)
  4 two-headed ogres
  An orc knight (D:7)
  A deep elf pyromancer (D:7)
  2 ugly things
  An orc sorcerer (Orc:1)
  A manticore (shapeshifter) (D:11)
  A gargoyle (D:7)
  A kobold demonologist (D:9)
  A yaktaur (D:12)
  3 trolls
  A hornet (D:11)
  A polar bear (D:10)
  A wraith (D:9)
  A vampire (D:10)
  3 wyverns
  9 yaks
  4 vampire mosquitoes (D:11)
  A steam dragon (D:8)
  2 water moccasins
  8 orc warriors
  4 ice beasts
  2 sky beasts
  A necrophage (D:5)
  3 black bears (D:11)
  A wolf (D:10)
  9 centaurs
  5 ogres
  10 kobold brigands
  2 phantoms
  8 bullfrogs
  2 scorpions
  A water moccasin zombie (D:5)
  A wyvern zombie (D:7)
  4 killer bees
  10 wights
  6 howler monkeys
  An electric eel (D:10)
  A bullfrog zombie (D:7)
  8 centaur zombies
  4 hounds
  5 orc priests
  A centaur skeleton (D:7)
  2 bullfrog skeletons (D:7)
  A gnoll shaman (D:7)
  Terence (D:2)
  2 iguanas (D:6)
  Natasha (thrice) (D:2)
  11 orc wizards
  A killer bee zombie (D:6)
  5 centaur simulacra (D:10)
  A hound skeleton (D:5)
  6 gnolls
  A howler monkey skeleton (D:7)
  3 howler monkey zombies (D:7)
  4 adders
  2 white imps
  4 ufetubi
  A dart slug (D:4)
  33 orcs
  6 bats
  5 endoplasms
  5 giant cockroaches
  7 hobgoblins
  8 jackals
  4 quokkas
  6 ball pythons
  2 frilled lizards (D:1)
  16 goblins
  20 kobolds
  5 rats
303 creatures vanquished.

Vanquished Creatures (collateral kills)
  A warg (Orc:1)
1 creature vanquished.

Vanquished Creatures (others)
  2 wizards (D:7)
  A black bear (D:5)
  A kobold brigand (D:9)
  An orc wizard (D:10)
  An orc (Orc:1)
  A kobold (D:9)
  29 fungi
  32 plants
68 creatures vanquished.

Grand Total: 372 creatures vanquished

Notes
Turn   | Place    | Note
-------+----------+-------------------------------------------
     0 | D:1      | Revguard the Hill Orc Fighter began the quest for the Orb.
     0 | D:1      | Reached XP level 1. HP: 19/19 MP: 1/1
   126 | D:1      | Reached XP level 2. HP: 18/27 MP: 2/2
   671 | D:1      | Reached skill level 1 in Invocations
   718 | D:1      | Reached XP level 3. HP: 32/33 MP: 3/3
   822 | D:2      | Noticed Terence
   853 | D:2      | Gained mutation: You passively dampen the noise of your
                  | surroundings. [potion of mutation]
   853 | D:2      | Gained mutation: You are robust. (+10% HP) [potion of
                  | mutation]
   855 | D:2      | Killed Terence
   856 | D:2      | Reached XP level 4. HP: 5/44 MP: 3/5
  1319 | D:2      | Reached skill level 1 in Dodging
  1476 | D:2      | Noticed Natasha
  1486 | D:2      | Killed Natasha
  1487 | D:2      | Reached skill level 1 in Evocations
  1676 | D:2      | Noticed Natasha
  1690 | D:2      | Killed Natasha
  1691 | D:2      | Reached skill level 2 in Invocations
  1691 | D:2      | Reached XP level 5. HP: 25/50 MP: 6/6
  1922 | D:2      | Noticed Natasha
  1933 | D:2      | Killed Natasha
  2098 | D:2      | Found a faded altar of an unknown god.
  2697 | D:3      | Found a hazy altar of Hepliaklqana.
  2783 | D:3      | Reached XP level 6. HP: 58/58 MP: 7/7
  3167 | D:4      | Found a basalt altar of Yredelemnul.
  3206 | D:4      | Found a blossoming altar of Fedhas.
  3290 | D:4      | Found an opulent altar of Gozag.
  3345 | D:4      | Found Egibon's Magic Scroll Shop.
  3351 | D:4      | Bought a scroll of identify for 22 gold pieces
  3351 | D:4      | Bought a scroll of identify for 22 gold pieces
  3351 | D:4      | Bought a scroll of identify for 22 gold pieces
  3353 | D:4      | Bought a scroll of immolation for 38 gold pieces
  3353 | D:4      | Bought a scroll of teleportation for 33 gold pieces
  3353 | D:4      | Bought a scroll of noise for 11 gold pieces
  3699 | D:5      | Entered Level 5 of the Dungeon
  3716 | D:5      | Reached skill level 3 in Invocations
  3721 | D:5      | Reached XP level 7. HP: 59/66 MP: 9/9
  3840 | D:5      | Became a worshipper of Beogh the Brigand
  3926 | D:5      | Reached skill level 5 in Fighting
  4091 | D:5      | Reached skill level 5 in Axes
  4091 | D:5      | Reached skill level 4 in Invocations
  4402 | D:5      | Reached XP level 8. HP: 71/74 MP: 11/11
  4421 | D:5      | Noticed a troll
  4440 | D:5      | Killed a troll
  4441 | D:5      | Reached skill level 5 in Shields
  4441 | D:5      | Reached skill level 5 in Invocations
  4955 | D:5      | Reached skill level 5 in Armour
  5768 | D:6      | Found a staircase to the Ecumenical Temple.
  5817 | Temple   | Entered the Ecumenical Temple
  5952 | D:6      | Reached skill level 6 in Invocations
  5981 | D:6      | Reached XP level 9. HP: 82/82 MP: 13/13
  6309 | D:6      | Found Pideyne's Antique Weapon Shoppe.
  6622 | D:7      | Reached * piety under Beogh
  6716 | D:7      | Reached skill level 7 in Invocations
  7299 | D:7      | Noticed a death knight
  7707 | D:7      | Reached skill level 8 in Invocations
  7800 | D:7      | Found a white marble altar of Elyvilon.
  8103 | D:7      | Noticed a brown ugly thing
  8103 | D:7      | Noticed a two-headed ogre
  8103 | D:7      | Noticed a gargoyle
  8145 | D:7      | Reached XP level 10. HP: 20/92 MP: 16/16
  8601 | D:7      | Killed a two-headed ogre
  8601 | D:7      | Reached ** piety under Beogh
  8602 | D:7      | Reached skill level 5 in Evocations
  8906 | D:7      | Noticed a wizard
  8909 | D:7      | Noticed a wizard
  8917 | D:7      | Killed a wizard
  8917 | D:7      | Killed a wizard
  8918 | D:7      | Reached skill level 9 in Invocations
  8918 | D:7      | Noticed a deep elf pyromancer
  8930 | D:7      | Killed a deep elf pyromancer
  8950 | D:7      | Killed a brown ugly thing
  9016 | D:7      | Killed a gargoyle
  9274 | D:7      | Noticed an orc knight
  9287 | D:7      | Killed an orc knight
  9288 | D:7      | Reached skill level 10 in Invocations
  9313 | D:7      | Killed a death knight
  9314 | D:7      | Reached XP level 11. HP: 21/103 MP: 18/18
 10226 | D:8      | Noticed DildoBatman's ghost (novice FoCj)
 10247 | D:8      | Found a runed translucent door.
 10360 | D:8      | Noticed a two-headed ogre
 10703 | D:8      | Killed a two-headed ogre
 11105 | D:8      | Killed DildoBatman's ghost
 11480 | D:9      | Reached skill level 11 in Invocations
 11524 | D:9      | Reached skill level 5 in Dodging
 11546 | D:9      | Noticed a red ugly thing
 11555 | D:9      | Killed a red ugly thing
 12354 | D:9      | Found a sparkling altar of Nemelex Xobeh.
 12613 | D:9      | Found a staircase to the Orcish Mines.
 12679 | D:10     | Entered Level 10 of the Dungeon
 12689 | D:10     | Found Buqanu's Antique Weapon Boutique.
 12723 | D:10     | Found a burning altar of Makhleb.
 12846 | D:10     | Reached skill level 1 in Throwing
 13386 | D:10     | Reached *** piety under Beogh
 13518 | D:10     | Found a sacrificial altar of Ru.
 13750 | D:10     | Reached XP level 12. HP: 113/113 MP: 20/20
 14086 | D:10     | Found a shimmering altar of Xom.
 14176 | D:10     | Reached skill level 12 in Invocations
 14541 | D:11     | Noticed a two-headed ogre
 14549 | D:11     | Killed a two-headed ogre
 15202 | D:11     | Noticed a two-headed ogre
 15209 | D:11     | Killed a two-headed ogre
 15241 | D:11     | Found a staircase to the Lair.
 15316 | D:11     | Reached skill level 10 in Axes
 15565 | D:11     | Found a runed translucent gate.
 15565 | D:11     | Found a runed translucent gate.
 15567 | D:11     | Found an opulent altar of Gozag.
 15572 | D:11     | Found a runed translucent gate.
 15572 | D:11     | Noticed an ogre mage
 15572 | D:11     | Noticed CryoSword's ghost (journeyman GnCA)
 15754 | Orc:1    | Entered Level 1 of the Orcish Mines
 16225 | D:12     | You fall into a shaft and drop 3 floors!
 16225 | D:15     | Entered Level 15 of the Dungeon
 16281 | D:15     | Slain by a very large slime creature

Illustrated notes

Levels and vault maps discovered:
D:1:      nagdon_arrival_double_spiral, layout_rooms
D:2:      kennysheep_the_goblin_king, layout_rooms,
          shapermc_ecumenical_altar_hornbeckon, uniq_terence, uniq_natasha
D:3:      layout_basic, lemuel_doored_altar
D:4:      layout_gridville, grunt_gozag_breadcrumbs,
          mainiacjoe_overflow_tiny_flanked, mainiacjoe_overflow_small_starburst,
          serial_shops, shop
D:5:      layout_loops_ring
D:6:      layout_cave_pools, minmay_temple_entry_junction_2, serial_shops,
          shop_coins, grunt_ministairs_8, hangedman_decor_push
D:7:      minmay_the_grid_plus_closed [minmay_the_grid_tri_star,
          minmay_the_grid_armoury, minmay_the_grid_gridbox,
          minmay_the_grid_rooms, minmay_the_grid_prize_big_room],
          layout_loops_ring, lemuel_tele_altar, minivault_19, minivault_25
D:8:      layout_rooms, hellmonk_ghost_happy_afterlife,
          kennysheep_generic_room_3
D:9:      layout_rooms, mainiacjoe_overflow_24_doors, orc_0_dummy, special_room
          [special_room_kobold]
D:10:     layout_grid_maze, mainiacjoe_overflow_boulevard,
          mainiacjoe_overflow_brackets, tgw_xom, nicolae_overflow_hidden_temple,
          serial_shops, nicolae_shop_window_shopping, serial_ice, serial_ice_a,
          serial_ice_k, serial_ice_o, serial_ice_d, serial_ice_b, serial_ice_m,
          serial_ice_n, serial_ice_c
D:11:     layout_layer_cave, due_lair_maze_entry_diamond, ebering_ghost_gozag
D:12:     layout_stronghold, lightli_elemental_guards
D:15:     grunt_enter_depths_magical_seal, layout_basic, serial_shops,
          nicolae_shop_hallway_plus, nicolae_dithmenos_through_a_glass_darkly
Temple:   ebering_untended_altars
Orc:1:    lemuel_ogre_cave, layout_caves, basic_altar, uniq_jorgrun,
          uniq_nergalle

Skill      XL: |  1  2  3  4  5  6  7  8  9 10 11 12 |
---------------+-------------------------------------+-----
Axes           | 3 4 5 6 7 8 9 10 | 10.1
Invocations    | 1 2 3 4 6 8 10 11 12 | 12.6
Fighting       | 4 5 6 7 8 9 |  9.5
Dodging        | 1 2 3 4 5 6 |  6.0
Evocations     | 1 2 3 4 5 6 7 |  7.3
Shields        | 4 5 6 7 8 |  8.8
Armour         | 4 5 6 7 8 |  8.6
Throwing       | 2 |  2.9

Action                   |  1- 3 |  4- 6 |  7- 9 | 10-12 || total
-------------------------+-------+-------+-------+-------++-------
Melee: War axe           |    84 |   206 |   323 |   546 ||  1159
Throw: Dart              |       |       |       |     5 ||     5
       Throwing net      |       |       |       |     3 ||     3
Invok: Convert to Beogh  |       |       |     1 |       ||     1
       Smiting           |       |       |       |     6 ||     6
Evoke: Wand              |       |       |    12 |     8 ||    20
  Use: Potion            |     2 |       |     3 |     5 ||    10
       Scroll            |       |     8 |     9 |    10 ||    27
 Stab: Paralysed         |       |       |     1 |    34 ||    35
       Held in net/web   |       |       |       |     1 ||     1
Armor: Scale mail        |    32 |       |       |       ||    32
       Chain mail        |       |   143 |   156 |    14 ||   313
       Skin              |       |       |    15 |       ||    15
       Plate armour      |       |       |       |   299 ||   299
Dodge: Dodged            |    47 |    88 |    99 |   118 ||   352
Block: Buckler           |    17 |   120 |   121 |       ||   258
       Reflection        |       |     2 |     4 |    30 ||    36
       Kite shield       |       |       |   123 |   510 ||   633
